 Dungeon Crawl Stone Soup version 0.27.1-34-g3ba077fa99 (webtiles) character file.

Game seed: 3215450438562989799

9931 zeram the Basher (level 11, -5/67 HPs)
             Began as a Gargoyle Fighter on Jan 10, 2022.
             Was an Elder of Qazlal.
             Killed from afar by Jorgrun (55 damage)
             ... with an iron shot
             ... on level 12 of the Dungeon.
             The game lasted 00:23:44 (11914 turns).

zeram the Basher (Gargoyle Fighter)                Turns: 11914, Time: 00:23:45

Health: -5/67      AC: 30    Str: 24    XL:     11   Next: 54%
Magic:  11/11      EV:  7    Int:  8    God:    Qazlal [****..]
Gold:   479        SH: 18    Dex:  9    Spells: 10/10 levels left

rFire    . . .     SeeInvis .   i - +4 whip (elec)
rCold    . . .     Faith    .   c - +0 kite shield
rNeg     + . .     Spirit   .   n - +0 plate armour
rPois    ∞         Reflect  .   g - +1 helmet
rElec    +         Harm     .   C - +1 cloak
rCorr    .         Rampage  .   j - +1 pair of gloves
Will     .....                  (no boots)
Stlth    ..........             y - amulet of the acrobat
HPRegen  0.21/turn              (no ring)
MPRegen  0.12/turn              (no ring)

@: studying 2 skills, repel missiles
A: sickness immunity, AC +8, negative energy resistance 1, electricity
resistance, torment resistance 1, petrification resistance, deterioration 1
a: Renounce Religion, Upheaval, Elemental Force


You were on level 12 of the Dungeon.
You worshipped Qazlal.
Qazlal was greatly pleased with you.
You visited 2 branches of the dungeon, and saw 13 of its levels.

You collected 539 gold pieces.
You spent 60 gold pieces at shops.

Inventory:

Hand Weapons
 a - a +0 flail
 i - a +4 whip of electrocution (weapon)
 k - a +0 fustibalus
 m - a +1 flail of freezing
Missiles
 h - 5 silver boomerangs (quivered)
 w - 2 throwing nets
Armour
 b - a +0 scale mail
 c - a +0 kite shield (worn)
 g - a +1 helmet (worn)
 j - a +1 pair of gloves (worn)
 n - a +0 plate armour (worn)
 C - a +1 cloak (worn)
Jewellery
 y - an amulet of the acrobat (around neck)
Wands
 f - a wand of flame (20)
 r - a wand of mindburst (9)
 z - a wand of charming (4)
 D - a wand of digging (12)
 G - a wand of acid (7)
 J - a wand of polymorph (9)
Scrolls
 d - a scroll of identify
 e - 5 scrolls of magic mapping
 t - 4 scrolls of teleportation
 u - a scroll of amnesia
 A - a scroll of fear
Potions
 l - 3 potions of degeneration
 o - 6 potions of curing
 p - 2 potions of brilliance
 q - 2 potions of flight
 s - a potion of berserk rage
 v - 2 potions of lignification
 B - a potion of haste
 H - a potion of heal wounds


   Skills:
 + Level 7.6 Fighting
 + Level 12.8 Maces & Flails
 + Level 10.2 Armour
 + Level 2.2 Dodging
 + Level 12.1 Shields


You had 10 spell levels left.
You didn't know any spells.
Your spell library contained the following spells:

 Spells                   Type           Power      Damage    Failure   Level
 Ignite Poison            Fire/Tmut/Pois 0%         N/A       100%        3
 Mephitic Cloud           Conj/Pois/Air  0%         N/A       100%        3
 Bolt of Magma            Conj/Fire/Erth 0%         4d4       100%        5


Dungeon Overview and Level Annotations

Branches:
Dungeon (12/15)            Temple (1/1) D:4            Lair (0/6) D:8
    Orc (0/2) D:9

Altars:
Ashenzari
Cheibriados
Elyvilon
Fedhas
Gozag
Hepliaklqana
Kikubaaqudgha
Makhleb
Okawaru
Qazlal
Ru
Sif Muna
Trog
Uskayaw
Vehumet
Wu Jian
Xom
Yredelemnul
Zin
The Shining One

Shops:
D:3 *   D:4 (   D:9 =

Annotations:
D:2 Sigmund
D:5 exclusion: statue
D:12 Jorgrun


Innate Abilities, Weirdness & Mutations

You are immune to sickness and miasma.
Your stone body is resilient. (AC +8)
You are immune to poison.
You resist negative energy. (rN+)
You are resistant to electric shocks. (rElec)
You are resistant to unholy torment.
You are immune to petrification.
Your body sometimes deteriorates upon taking damage.


Message History

Where to? (Enter - D:10, ? - help)
You enter the shallow water.
Moving in this stuff is going to be slow.
You enter the shallow water.
Moving in this stuff is going to be slow.
You enter the shallow water.
Moving in this stuff is going to be slow.
There is a stone staircase leading down here.
You climb downwards.
You hear a shout!
Found a stone staircase leading down.
There is a stone staircase leading up here.
Jorgrun Earthshaker comes into view.
He is wielding a +0 vorpal quarterstaff.
Jorgrun shouts!
Jorgrun is nearby!
Jorgrun is nearby!
Jorgrun is nearby!
Jorgrun points at you and mumbles some strange words.
The iron shot misses you.
Jorgrun is engulfed in blazing flames.
You miss Jorgrun.
Jorgrun is lightly wounded.
You hit Jorgrun. Lightning courses through Jorgrun!
Jorgrun is lightly wounded.
Jorgrun hits you with a +0 vorpal quarterstaff!
You hit Jorgrun but do no damage.
Jorgrun is lightly wounded.
You hit Jorgrun. Lightning courses through Jorgrun!
Jorgrun is moderately wounded.
Jorgrun gestures at you while chanting.
The wall shatters!
The blast of rock fragments hits you but does no damage.
You closely miss Jorgrun.
Jorgrun is moderately wounded.
You whack Jorgrun!
Jorgrun is moderately wounded.
Jorgrun casts a spell at you. The iron shot hits you!!!
Ouch! That really hurt!
You die...

#.... #...# .#.
#...# #.. #...+
..# #.<.## ..#
####...# ..#
#......##..#
#.......○..#
#....#.#@°☼#
###.....°g○.....
#.##..§.°.#.#.
#. #....>.... #.
#......#...
......## ##
.......#
#.......#


You could see Jorgrun.

Vanquished Creatures
  Harold (D:7)
  A hydra (D:11)
  The ghost of pkoi the Grappler, a novice DrMo of Gozag (D:7)
  A manticore (D:11)
  An unseen horror (D:11)
  A hornet (D:11)
  2 trolls
  A meliai zombie (D:11)
  10 yaks
  A wyvern (D:9)
  A steam dragon (D:6)
  Menkaure (D:6)
  2 water moccasins
  Edmund (D:6)
  4 orc warriors
  3 black bears
  2 ice beasts
  2 necrophages
  11 centaurs
  A kobold brigand (D:10)
  A gnoll sergeant (D:10)
  4 bullfrogs
  2 scorpions
  4 killer bees (D:11)
  3 howler monkeys
  4 jellies
  3 bullfrog zombies
  4 centaur zombies
  2 hounds
  7 orc priests
  3 centaur skeletons
  Jessica (D:2)
  Crazy Yiuf (D:7)
  Terence (D:2)
  An iguana (D:5)
  14 orc wizards
  A centaur simulacrum (D:7)
  A hound skeleton (D:4)
  2 howler monkey zombies
  Robin (D:4)
  5 adders
  A howler monkey skeleton (D:7)
  A shadow imp (D:7)
  3 white imps (D:6)
  An ufetubus (D:5)
  A worm (D:4)
  A dart slug (D:5)
  36 orcs
  7 ball pythons
  12 endoplasms
  3 giant cockroaches
  18 goblins
  15 hobgoblins
  4 jackals (D:1)
  5 quokkas
  11 bats
  3 frilled lizards
  13 kobolds
  5 rats
253 creatures vanquished.

Vanquished Creatures (others)
  20 fungi
  32 plants
  8 toadstools (D:4)
60 creatures vanquished.

Grand Total: 313 creatures vanquished

Notes
Turn   | Place    | Note
-------+----------+-------------------------------------------
     0 | D:1      | zeram the Gargoyle Fighter began the quest for the Orb.
     0 | D:1      | Reached XP level 1. HP: 14/14 MP: 1/1
   215 | D:1      | Reached XP level 2. HP: 10/19 MP: 2/2
   831 | D:1      | Found a faded altar of an unknown god.
   844 | D:1      | Reached XP level 3. HP: 23/23 MP: 3/3
   923 | D:2      | Noticed Terence
   931 | D:2      | Killed Terence
  1118 | D:2      | Reached XP level 4. HP: 29/29 MP: 4/4
  1390 | D:2      | Noticed Jessica
  1411 | D:2      | Killed Jessica
  1500 | D:2      | Noticed Sigmund
  2014 | D:1      | Identified a scroll of acquirement
  2014 | D:1      | Acquired a manual of Maces & Flails
  2318 | D:1      | Gained mutation: Your body sometimes deteriorates upon
                  | taking damage. [potion of mutation]
  2436 | D:3      | Reached XP level 5. HP: 33/33 MP: 5/5
  2759 | D:3      | Reached skill level 1 in Dodging
  2978 | D:3      | HP: 1/33 [orc priest/divine providence (12)]
  2980 | D:3      | Found Ceiqylev's General Store.
  2989 | D:3      | Bought a potion of heal wounds for 60 gold pieces
  3441 | D:4      | Found a staircase to the Ecumenical Temple.
  3463 | Temple   | Entered the Ecumenical Temple
  3908 | Temple   | Became a worshipper of Qazlal Stormbringer
  3942 | D:4      | Found an iron altar of Okawaru.
  3986 | D:4      | Reached XP level 6. HP: 38/38 MP: 6/6
  4255 | D:4      | Noticed Robin
  4257 | D:4      | Reached skill level 5 in Maces & Flails
  4282 | D:4      | Reached * piety under Qazlal
  4325 | D:5      | Entered Level 5 of the Dungeon
  4571 | D:4      | Killed Robin
  4840 | D:4      | Reached skill level 5 in Shields
  4840 | D:4      | Reached XP level 7. HP: 18/44 MP: 7/7
  5119 | D:4      | Found Hymum's Antique Weapon Boutique.
  5256 | D:4      | Found a burning altar of Makhleb.
  6316 | D:5      | Found a radiant altar of Vehumet.
  6666 | D:6      | Reached skill level 5 in Armour
  6909 | D:6      | Noticed Edmund
  6917 | D:6      | Killed Edmund
  6918 | D:6      | Reached XP level 8. HP: 48/48 MP: 8/8
  7193 | D:6      | Noticed Menkaure
  7198 | D:6      | Killed Menkaure
  7198 | D:6      | Reached ** piety under Qazlal
  7199 | D:6      | Reached skill level 5 in Fighting
  7421 | D:6      | Found a basalt altar of Yredelemnul.
  7600 | D:7      | Reached XP level 9. HP: 54/54 MP: 9/9
  7727 | D:7      | Noticed Harold
  7748 | D:7      | Killed Harold
  7749 | D:7      | Reached skill level 10 in Maces & Flails
  7858 | D:7      | Found a runed translucent gate.
  7858 | D:7      | Found a runed translucent gate.
  7858 | D:7      | Found a runed translucent gate.
  7860 | D:7      | Noticed pkoi's ghost (novice DrMo)
  8077 | D:7      | Found a sacrificial altar of Ru.
  8099 | D:7      | Found a hazy altar of Hepliaklqana.
  8102 | D:7      | Found a bloodstained altar of Trog.
  8197 | D:7      | Found a runed translucent door.
  8198 | D:7      | Noticed Crazy Yiuf
  8438 | D:7      | Killed pkoi's ghost
  8439 | D:7      | Reached XP level 10. HP: 60/60 MP: 10/10
  8512 | D:7      | Killed Crazy Yiuf
  8662 | D:8      | Found a staircase to the Lair.
  9067 | D:8      | Reached *** piety under Qazlal
  9438 | D:8      | Found a glowing silver altar of Zin.
  9493 | D:9      | Acquired a manual of Armour
  9664 | D:9      | Reached skill level 10 in Shields
  9667 | D:9      | Found Ciyfoqaq's Jewellery Boutique.
  9742 | D:9      | Found a staircase to the Orcish Mines.
 10474 | D:10     | Entered Level 10 of the Dungeon
 10587 | D:10     | Reached XP level 11. HP: 55/66 MP: 11/11
 10644 | D:10     | Noticed a four-headed hydra
 10646 | D:10     | Noticed an orc warlord
 10679 | D:11     | Killed a four-headed hydra
 11414 | D:11     | Reached skill level 10 in Armour
 11493 | D:11     | Reached **** piety under Qazlal
 11551 | D:11     | Noticed a manticore
 11557 | D:11     | Killed a manticore
 11905 | D:12     | Noticed Jorgrun
 11914 | D:12     | Killed from afar by Jorgrun

Illustrated notes

Levels and vault maps discovered:
D:1:      amcnicky_arrival_feature_with_door, layout_basic,
          basic_ecumenical_altar
D:2:      layout_rooms, amcnicky_mini_corridor_feature,
          hangedman_abyss_or_decor_lesser_grid, uniq_sigmund, uniq_jessica,
          uniq_terence
D:3:      layout_rooms, serial_shops, nicolae_shop_statue_plus
D:4:      cheibrodos_fertilizer, layout_basic, kennysheep_okawaru_gauntlet,
          makhleb_blood_cavern_becter, minmay_temple_entry_overgrown,
          serial_shops, kennysheep_mini_moat, uniq_robin
D:5:      cheibrodos_iron_armory, layout_layer_cave, vehumet_statue,
          dk_vineyard_2
D:6:      layout_loops_ring, lemuel_zombie_altar_yredelemnul, uniq_menkaure,
          uniq_edmund
D:7:      layout_loops_ring, minitemple, gammafunk_ghost_necromancy,
          uniq_harold, uniq_crazy_yiuf_cottage
D:8:      layout_loops_corners, zin_statuary, due_lair_maze_entry_diamond,
          hellmonk_bongcloud_opening
D:9:      layout_basic, serial_shops, shop
D:10:     nzn_winding_woodlands_large [nzn_winding_woodlands_5x5_closed_star,
          nzn_winding_woodlands_5x15_zeroes, nzn_winding_woodlands_hourglass,
          nzn_winding_woodlands_center_pierced_h,
          nzn_winding_woodlands_15x15_thick_spiral,
          nzn_winding_woodlands_center_garden,
          nzn_winding_woodlands_5x5_checkerboard,
          nzn_winding_woodlands_5x15_sawtooth, nzn_winding_woodlands_5x5_three],
          layout_basic, lemuel_coloured_pillars_altar, lemuel_doored_altar,
          nicolae_trove_entry_free_sample, uniq_maggie, uniq_josephine,
          uniq_erica
D:11:     layout_irregular_city, serial_rivers, chequers_serial_rivers_small_3,
          chequers_serial_rivers_small_b, chequers_serial_rivers_micro_c,
          chequers_serial_rivers_large_a
D:12:     layout_basic, maelrawn_ghost_gauntlet_escape, lemuel_flamethrower_3,
          uniq_jorgrun
Temple:   minmay_temple_forest_path

Skill      XL: |  1  2  3  4  5  6  7  8  9 10 11 |
---------------+----------------------------------+-----
Shields        | 4 5 6 9 10 12 | 12.1
Maces & Flails | 3 4 5 7 9 11 12 | 12.8
Dodging        | 1 2 |  2.2
Armour         | 4 5 6 7 9 10 | 10.2
Fighting       | 4 5 6 7 |  7.6

Action                   |  1- 3 |  4- 6 |  7- 9 | 10-12 || total
-------------------------+-------+-------+-------+-------++-------
Melee: Flail             |    84 |   167 |       |       ||   251
       Whip              |       |   130 |   175 |   376 ||   681
Throw: Boomerang         |     4 |    10 |       |       ||    14
  Use: Scroll            |     1 |     9 |     8 |     8 ||    26
       Potion            |       |     7 |     1 |     2 ||    10
 Stab: Invisible         |       |       |       |     4 ||     4
Armor: Scale mail        |    53 |   123 |       |       ||   176
       Plate armour      |       |    94 |   105 |   142 ||   341
Dodge: Dodged            |    34 |    87 |    21 |    79 ||   221
Block: Kite shield       |    62 |   158 |   107 |   227 ||   554
